 Dungeon Crawl Stone Soup version 0.31-a0-968-g24f9ace8b5 (webtiles) character file.

Game seed: 494119477143260952

91 Dittersdorf the Covered (level 4, -2/29 HPs)
             Began as a Gargoyle Fighter on Oct 27, 2023.
             Slain by an orc wizard
             ... wielding a +0 dagger
              (4 damage)
             ... on level 3 of the Dungeon.
             The game lasted 00:02:01 (1640 turns).

Dittersdorf the Covered (Gargoyle Fighter)          Turns: 1640, Time: 00:02:02

Health: -2/29      AC: 17    Str: 22    XL:     4   Next: 59%
Magic:  4/4        EV:  8    Int:  8    God:
Gold:   98         SH:  0    Dex:  9    Spells: 3/3 levels left

rFire   . . .        a - +0 flail
rCold   . . .        c - +0 buckler
rNeg    + . .        i - +0 chain mail
rPois   ∞            (no helmet)
rElec   +            n - +0 cloak
rCorr   .            (no gloves)
SInv    .            e - +2 pair of boots
Will    .....        (no amulet) Stlth
                     (no ring)
HPRegen 0.24/turn    (no ring)
MPRegen 0.09/turn

%: no passive effects
@: confused
A: sickness immunity, AC +3, negative energy resistance 1, electricity
resistance, torment resistance 1, petrification resistance
a: no special abilities


You were on level 3 of the Dungeon.
You visited 1 branch of the dungeon, and saw 3 of its levels.

You collected 98 gold pieces.

Inventory:

Hand Weapons
 a - a +0 flail (weapon)
Armour
 c - a +0 buckler (worn)
 e - a +2 pair of boots (worn)
 i - a +0 chain mail (worn)
 n - a +0 cloak (worn)
Scrolls
 b - a scroll of brand weapon {unknown}
 f - a scroll of vulnerability {unknown}
 h - 5 scrolls of identify {unknown}
 j - a scroll of teleportation {unknown}
 l - a scroll of enchant armour {unknown}
 p - a scroll of fog {unknown}
Potions
 d - 4 potions of might
 g - a potion of magic {unknown}
 k - a potion of invisibility {unknown}
 m - a potion of cancellation {unknown}
 o - a potion of mutation {unknown}


   Skills:
 + Level 4.0 Fighting
 + Level 2.8 Maces & Flails
 + Level 4.0 Armour
 + Level 4.0 Shields


You had 3 spell levels left.
You didn't know any spells.
Your spell library contained the following spells:

 Spells                   Type           Power      Damage    Failure   Level
 Slow                     Hex            0%         N/A       98%         1
 Lesser Beckoning         Tloc           0%         N/A       99%         2
 Confusing Touch          Hex            0%         N/A       100%        3
 Gell's Gravitas          Tloc           0%         N/A       100%        3
 Sigil of Binding         Hex            0%         N/A       100%        3
 Teleport Other           Tloc           0%         N/A       100%        3
 Vampiric Draining        Necr           0%         2d6       100%        3
 Dispersal                Tloc           0%         N/A       100%        6


Dungeon Overview and Level Annotations

Branches:
Dungeon (3/15)

Altars:

Shops:
D:1 [*


Innate Abilities, Weirdness & Mutations

You are immune to sickness and miasma.
Your stone body is resilient. (AC +3)
You are immune to poison.
You resist negative energy. (rN+)
You are resistant to electric shocks. (rElec)
You are resistant to unholy torment.
You are immune to petrification.


Message History

The ball python grabs you. The ball python constricts you.
You miss something. The orc hits you but does no damage.
Something hits you but does no damage.
The orc wizard hits you but does no damage.
The ball python barely misses you. The ball python constricts you.
The orc hits you with a +0 club.
* * * LOW HITPOINT WARNING * * *
You hit the orc wizard.
The orc wizard is almost dead.
The ball python bites you but does no damage.
The ball python constricts you. Something hits you but does no damage.
The orc wizard mumbles some strange words.
The orc wizard flickers and vanishes!
The orc barely misses you.
The ball python bites you but does no damage.
The ball python constricts you. Something hits you but does no damage.
You hear some strange, mumbled words.
A magic dart appears from out of thin air!
The magic dart hits you but does no damage.
You miss something.
The ball python bites you but does no damage.
The ball python constricts you. The orc hits you but does no damage.
Something hits you.
* * * LOW HITPOINT WARNING * * *
You hear some strange, mumbled words.
A magic dart appears from out of thin air!
The magic dart hits you.
* * * LOW HITPOINT WARNING * * *
The ball python bites you but does no damage.
The ball python constricts you.
You escape the ball python's grasp.
The orc attacks as it pursues you! The orc hits you with a +0 club.
* * * LOW HITPOINT WARNING * * *
Something hits you but does no damage.
You hear some strange, mumbled words.
You are more confused.
You closely miss something. The orc hits you but does no damage.
Something completely misses you. Something hits you but does no damage.
The orc closely misses you.
You bump into the rock wall.
Something hits you.
You die...

#...####.# #..#..)
#.!.# # #..###. #...#
.###......
#####...####..........
#.............########
###.............##
.......S....)....#
##.###o{..........# #
#.@........#.#
#.######.#.# . ...
.#.# ###. .# # #. .#
#. .. .#


You could see an orc and a ball python.

Vanquished Creatures
  2 adders
  A worm (D:2)
  2 dart slugs
  2 orcs (D:3)
  7 ball pythons
  4 endoplasms
  4 goblins
  3 hobgoblins
  4 jackals (D:1)
  4 quokkas
  3 bats
  3 frilled lizards (D:2)
  7 kobolds
  19 rats
65 creatures vanquished.

Notes
Turn   | Place    | Note
-------+----------+-------------------------------------------
     0 | D:1      | Dittersdorf the Gargoyle Fighter began the quest for the
                  | Orb.
     0 | D:1      | Reached XP level 1. HP: 14/14 MP: 1/1
   181 | D:1      | Reached XP level 2. HP: 12/19 MP: 2/2
   454 | D:1      | Reached XP level 3. HP: 14/23 MP: 3/3
   522 | D:1      | Found Fokhicekh's Assorted Antiques.
   607 | D:1      | Found Ryenisch's Armour Emporium.
  1049 | D:2      | Reached XP level 4. HP: 26/29 MP: 4/4
  1640 | D:3      | Slain by an orc wizard

Illustrated notes

Levels and vault maps discovered:
D:1:      enne_arrival_octagon_isle, layout_loops_ring, serial_shops,
          nicolae_shop_waterfront, nicolae_shop_getting_attention
D:2:      minmay_chambers_of_ones, layout_rooms, hangedman_abyss_or_decor_stabs,
          hangedman_decor_growths, minmay_rat_hole
D:3:      layout_basic, lemuel_doored_altar,
          hellmonk_ecumenical_altar_watching_god, st_stairs_3,
          pf_guarded_unrand_meek

Skill      XL: |  1  2  3  4 |
---------------+-------------+-----
Armour         | 4 |  4.0
Fighting       | 4 |  4.0
Shields        | 4 |  4.0
Maces & Flails | |  2.8

Action                     |  1- 3 |  4- 6 || total
---------------------------+-------+-------++-------
  Melee: Flail             |   117 |    67 ||   184
 Armour: Scale mail        |    24 |       ||    24
         Chain mail        |    66 |    96 ||   162
  Dodge: Dodged            |    41 |    39 ||    80
  Block: Buckler           |    26 |    15 ||    41

Table legend: (Time is in decaauts)
 A = Elapsed time spent in this place.
 B = Non-inter-level travel time spent in this place.
 C = Inter-level travel time spent in this place.
 D = Time resting spent in this place.
 E = Time spent auto-exploring this place.
 F = Levels seen in this place.
 G = Mean time per level.
                   A        B        C        D        E       F      G
               +--------+--------+--------+--------+--------+-----+--------+
         Total |   1698 |   1647 |     51 |      0 |   1225 |   3 |  566.0 |
       Dungeon |   1698 |   1647 |     51 |      0 |   1225 |   3 |  566.0 |
               +--------+--------+--------+--------+--------+-----+--------+

Top non-repeatable levels by time:
     D:2: 803 daAuts
     D:1: 780 daAuts
     D:3: 113 daAuts
